Cogmind - Beta 13 --- EXPLORER MODE // 2024.06.28 @ 13:20:01 Player: Kino Result: Destroyed by P-60 Hacker with Shock Rifle Performance ------------- Evolutions (3) 1500 Regions Visited (5) 1000 Robots Destroyed (94) 470 Value Destroyed (2934) 2934 Prototype IDs (2) 40 Alien Tech Used (0) 0 Bonus (62) 62 TOTAL SCORE: 6006 Bonus ------- High Alert Combat Kills 22 Follower Combat Kills 269 Friendly Fire -229 Cogmind --------- Core Integrity 0/700 Matter 31/300 Energy 13/100 System Corruption 12% Temperature Cool (0) Movement Walking (260) Ox2 Location -7/Factory Parts ------- > --- POWER (1) -------- (None) > --- PROPULSION (2) --- Carbon-fiber Leg > --- UTILITY (9) ------ Large Storage Unit Improved Signal Interpreter Advanced Terrain Scan Processor Target Analyzer Utility Shielding Recalibrator Improved Field Recycling Unit > --- WEAPON (2) ------- Improved EM Pulse Cannon > --- INVENTORY (15) --- Carbon-fiber Leg Improved Heat Sink Peak State ------------ > --- POWER ------------ Light Nuclear Core > --- PROPULSION ------- Carbon-fiber Leg Improved Titanium Leg > --- UTILITY ---------- Large Storage Unit Improved Signal Interpreter Advanced Terrain Scan Processor Target Analyzer Core Analyzer Utility Shielding Insulated Plating Recalibrator > --- WEAPON ----------- Improved EM Pulse Cannon Advanced Assault Cannon > --- INVENTORY -------- Light Ion Engine Carbon-fiber Leg Carbon-fiber Leg Improved Heat Sink Improved Field Recycling Unit Greatsword [Rating: 43] Favorites ----------- Power Heavy Ion Engine Engine Heavy Ion Engine Power Core Nuclear Core Propulsion Aluminum Leg Leg Aluminum Leg Utility Large Storage Unit Device Cryofiber Web Storage Large Storage Unit Processor Improved Signal Interpreter Protection Light Armor Plating Weapon Heavy Assault Rifle Energy Gun Particle Gun Energy Cannon Improved EM Pulse Cannon Ballistic Gun Heavy Assault Rifle Ballistic Cannon Advanced Assault Cannon Launcher EMP Blaster Slashing Weapon Greatsword Build | -11 -10 -9 -9 -8 -7 ------- Run | Yrd Mat Mat Sto Mat Fac Slots Evolved 7 | . 1 2 . 2 2 Power . | . . . . . . Propulsion . | . . . . . . Utility 7 | . 1 2 . 2 2 Weapon . | . . . . . . Parts Attached 89 | 7 6 5 7 28 36 Power 10 | 1 1 . 2 1 5 Engine 6 | 1 1 . 1 . 3 Core 4 | . . . 1 1 2 Reactor . | . . . . . . Propulsion 16 | 2 1 . 2 5 6 Treads . | . . . . . . Leg 16 | 2 1 . 2 5 6 Wheel . | . . . . . . Hover . | . . . . . . Flight . | . . . . . . Utility 23 | 2 1 4 1 5 10 Device 9 | . . 2 . 3 4 Storage 2 | 1 . 1 . . . Processor 7 | . 1 . . 2 4 Hackware . | . . . . . . Protection 5 | 1 . 1 1 . 2 Artifact . | . . . . . . Weapon 40 | 2 3 1 2 17 15 Energy Gun 11 | 1 2 1 . 3 4 Energy Cannon 7 | . . . . 1 6 Ballistic Gun 8 | 1 1 . 1 5 . Ballistic Cannon 3 | . . . . 1 2 Launcher 10 | . . . 1 7 2 Special Weapon . | . . . . . . Impact Weapon . | . . . . . . Slashing Weapon 1 | . . . . . 1 Piercing Weapon . | . . . . . . Special Melee Weapon . | . . . . . . Unidentified Prototypes 2 | . 1 . . . 1 Corrupted Parts 5 | . . . . 4 1 System Corruption 12 | . . . . 9 3 Parts Lost 41 | . . . 4 12 25 Power 7 | . . . . 1 6 Propulsion 8 | . . . 2 2 4 Utility 10 | . . . 1 3 6 Weapon 16 | . . . 1 6 9 Highest Loss Streak 7 | . . . 2 5 7 To Critical Strikes . | . . . . . . Average Slot Usage (%) 82 | . 86 94 95 77 75 Engine 5 | . 9 10 9 4 1 Core 2 | . . . . 2 4 Leg 13 | . 22 20 18 10 8 Device 15 | . . 7 20 13 15 Storage 8 | . 12 10 10 8 7 Processor 17 | . 8 10 10 17 23 Protection 5 | . 12 17 8 2 2 Energy Gun 5 | . 10 10 10 1 2 Energy Cannon 2 | . . . . . 5 Ballistic Gun 4 | . 9 9 6 6 . Ballistic Cannon 1 | . . . . 1 1 Launcher 1 | . . . 2 4 . Naked Turns . | . . . . . . Heaviest Build 44 | 20 24 38 39 42 44 Greatest Support 35 | 20 23 23 26 26 35 Greatest Overweight (x) 12 | 4 1 1 11 11 12 Average Overweight (x) 1 | . . 1 1 2 2 Largest Inventory Capacity 15 | 10 10 15 15 15 15 Average Capacity 14 | 8 10 12 15 15 15 Most Carried 15 | 5 10 11 15 15 15 Average Carried 8 | 3 5 6 12 11 6 Final Capacity 15 | 10 10 15 15 15 15 Final Carried 15 | 5 7 10 15 15 2 Class Distribution -------------------- 89% | Hacker-Mutant 10% | Commander-Mutant Dominant Class ---------------- Hacker-Mutant | -10/Materials Hacker-Mutant | -9/Materials Hacker-Mutant | -9/Storage Hacker-Mutant | -8/Materials Hacker-Mutant | -7/Factory Resources | -11 -10 -9 -9 -8 -7 ----------- Run | Yrd Mat Mat Sto Mat Fac Matter Collected 1690 | 35 206 162 285 720 282 Remotely . | . . . . . . Salvage Created 2780 | . 223 168 592 883 914 Parts 184 | . 11 9 42 76 46 Haulers Intercepted 2 | . . . . 2 . Recyclers Shooed 2 | . . . 1 1 . Parts Field Recycled . | . . . . . . Retrieved Matter . | . . . . . . Parts Self-Destructed . | . . . . . . Prevented . | . . . . . . Kills | -11 -10 -9 -9 -8 -7 ------- Run | Yrd Mat Mat Sto Mat Fac Combat Hostiles Destroyed 62 | . 4 3 16 20 19 Guns 36 | . 4 3 11 13 5 Cannons 13 | . . . . 3 10 AOE 12 | . . . 5 4 3 Classes Destroyed 13 | . 2 1 5 2 3 Worker 10 | . . . 4 4 2 Builder 11 | . . . 1 4 6 Tunneler 1 | . . . . 1 . Hauler 2 | . . . . 2 . Recycler 1 | . . . . . 1 Operator 1 | . . . 1 . . Watcher 5 | . 1 . 1 1 2 Swarmer 12 | . . . 3 5 4 Grunt 19 | . 4 . 5 8 2 Brawler 1 | . . . 1 . . Sentry 21 | . . 3 7 8 3 Hunter 5 | . . . . . 5 Programmer 5 | . . . . . 5 Best Kill Streak 14 | . 4 1 3 14 8 Combat Bots Only 7 | . 3 1 3 7 3 Max Kills in Single Turn 7 | . 2 1 3 5 7 Gunslinging 1 | . 1 . . . . Exploded 3 | . . . 3 1 1 Melee . | . . . . . . Uniques/NPCs Destroyed . | . . . . . . Combat | -11 -10 -9 -9 -8 -7 -------- Run | Yrd Mat Mat Sto Mat Fac Hostile Shots Fired 1024 | . 29 20 74 272 629 Missed 324 | . 6 2 18 93 205 Damage Taken 5452 | . 170 166 562 1579 2975 Core 1237 | . 32 31 117 350 707 Absorbed by Shields . | . . . . . . Redirected to Shielding 42 | . 6 9 15 . 12 Ignored by Resistances 3481 | . 111 104 348 975 1943 Core Remaining (%) 71 | 100 87 . 63 36 . Volleys Fired 212 | 1 14 7 44 60 86 Largest 2 | 2 2 2 2 2 2 Hottest 132 | 70 90 73 115 100 132 Shots Fired 357 | 2 25 14 83 104 129 Gun 227 | 2 25 14 67 63 56 Cannon 93 | . . . . 24 69 Launcher 37 | . . . 16 17 4 Special . | . . . . . . Kinetic 132 | 1 9 7 16 74 25 Thermal 131 | 1 14 7 51 5 53 Explosive 35 | . . . 16 15 4 Electromagnetic 59 | . 2 . . 10 47 Robot Hit Streak 66 | 2 17 29 30 66 26 Robot Miss Streak 2 | . 1 . 1 1 2 Penetration Max . | . . . . . . Secondary Targets 6 | . 2 . . 4 . Max Gunslinging Chain 1 | . 1 . . 1 . Shots Hit Robots 305 | 2 23 12 65 91 112 Core Hits 162 | 1 10 6 43 54 48 Critical Kills 1 | . 1 . . . . Critical Parts Destroyed . | . . . . . . Critical Strikes 14 | . 3 . . 2 9 Burn 6 | . 2 . . 1 3 Destroy 1 | . 1 . . . . Blast 4 | . . . . 1 3 Corrupt 3 | . . . . . 3 Melee Attacks . | . . . . . . Impact . | . . . . . . Slashing . | . . . . . . Piercing . | . . . . . . Sneak Attacks . | . . . . . . Combat Hostiles . | . . . . . . Follow-up Attacks . | . . . . . . Damage Inflicted 8283 | 25 314 169 1701 2650 3424 Guns 3204 | 25 309 157 840 929 944 Cannons 1814 | . . . . 379 1435 Explosions 3139 | . . . 828 1286 1025 Melee . | . . . . . . Ramming 126 | . 5 12 33 56 20 Kinetic 2092 | 13 134 67 206 1148 524 Thermal 2126 | 12 149 90 634 42 1199 Explosive 2820 | . . . 828 1101 891 Electromagnetic 1119 | . 26 . . 303 790 Impact . | . . . . . . Slashing . | . . . . . . Piercing . | . . . . . . Highest Corruption 12 | . . . 3 10 12 Average Corruption 5 | . . . 2 7 6 Corruption Purged . | . . . . . . Corruption Blocked . | . . . . . . Effects 109 | . . . 13 42 54 Message Errors 30 | . . . 5 11 14 Matter Fused 20 | . . . 1 10 9 Heat Flow Errors 14 | . . . 1 1 12 Energy Discharges 16 | . . . 2 7 7 Parts Fused 1 | . . . . . 1 Data Loss (minor) 16 | . . . 1 6 9 Data Loss (major) 4 | . . . 1 2 1 Misfires 3 | . . . 1 2 . Alerts 1 | . . . . 1 . Weapon Failures 4 | . . . 1 2 1 Overload Shots . | . . . . . . Overflow Damage 250 | . . . . 47 203 Projectiles 76 | . . . . . 76 Explosions 174 | . . . . 47 127 Melee . | . . . . . . Knockbacks 8 | . . . 1 . 7 Impact 1 | . . . 1 . . Kinetic 6 | . . . . . 6 Secondary 1 | . . . . . 1 Self-Inflicted Damage 273 | . . . 50 39 184 Shots 11 | . . . 3 3 5 Rammed 4 | . . . . 2 2 Targets Rammed 21 | . 1 2 4 8 6 Kicked 17 | . 1 2 4 6 4 Crushed . | . . . . . . Highest Temperature 255 | . 255 63 156 222 250 Average Temperature 67 | . 93 27 62 42 77 Received Heat Transfer 2193 | . 156 81 300 981 675 Siege Activations . | . . . . . . Robots Corrupted 1 | . . . . . 1 Combat Hostiles 1 | . . . . . 1 Parts Fried 9 | . . . . 3 6 Impact Corruptions . | . . . . . . Robots Melted . | . . . . . . Combat Hostiles . | . . . . . . Parts Melted 9 | . . . 3 1 5 Heat Transferred 4675 | 37 592 259 1554 185 2048 Parts Sabotaged . | . . . . . . Parts Stolen . | . . . . . . Parts Stripped . | . . . . . . Power Chain Reactions 3 | . . . . . 3 Alert | -11 -10 -9 -9 -8 -7 ------- Run | Yrd Mat Mat Sto Mat Fac Peak Influence 455 | . 152 180 455 448 234 Initial 54 | . . 45 54 . 29 Average 92 | . 28 109 136 124 57 Maximum Alert Level 2 | . . . 2 2 1 Low Security (%) 88 | 100 100 100 76 83 95 Level 1 8 | . . . 18 9 4 Level 2 2 | . . . 5 6 . Level 3 . | . . . . . . Level 4 . | . . . . . . Level 5 . | . . . . . . High Security . | . . . . . . Max Security . | . . . . . . Squads Dispatched 18 | . . . 2 8 8 Investigation . | . . . . . . Extermination 5 | . . . . . 5 Reinforcement 6 | . . . 2 1 3 Assault . | . . . . . . Garrison 7 | . . . . 7 . Intercept . | . . . . . . Searches Triggered . | . . . . . . Construction Impeded 3 | . . . . 1 2 Haulers Reinforced . | . . . . . . Active Scanning Responses . | . . . . . . Cargo Convoy Interrupts . | . . . . . . Stealth | -11 -10 -9 -9 -8 -7 --------- Run | Yrd Mat Mat Sto Mat Fac Distress Signals 6 | . . 1 2 3 . Communications Jammed . | . . . . . . Distress Signals . | . . . . . . Times Spotted 124 | . 11 5 26 44 38 Peak Tracking Total 10 | . 7 2 4 10 4 Tactical Retreats 3 | . . . 1 . 2 Traps | -11 -10 -9 -9 -8 -7 ------- Run | Yrd Mat Mat Sto Mat Fac Traps Triggered 13 | . 2 . 5 2 4 Indirectly . | . . . . . . Trap Hack Attempts . | . . . . . . Triggered . | . . . . . . Disarmed . | . . . . . . Reprogrammed . | . . . . . . Reused . | . . . . . . Traps Extracted . | . . . . . . Installed . | . . . . . . Triggered . | . . . . . . Machines | -11 -10 -9 -9 -8 -7 ---------- Run | Yrd Mat Mat Sto Mat Fac Machines Disabled 20 | . . . 5 1 14 Max in Single Turn 5 | . . . 1 1 5 Machines Repaired . | . . . . . . Machines Dismantled . | . . . . . . Machines Sabotaged . | . . . . . . Overloaded Fab Kills . | . . . . . . Hacking | -11 -10 -9 -9 -8 -7 --------- Run | Yrd Mat Mat Sto Mat Fac Machines Accessed 6 | . 1 . 4 1 . Terminals 6 | . 1 . 4 1 . Fabricators . | . . . . . . Repair Stations . | . . . . . . Recycling Units . | . . . . . . Scanalyzers . | . . . . . . Garrison Access . | . . . . . . Total Hacks 12 | . 1 . 9 2 . Successful 10 | . 1 . 7 2 . Failed 2 | . . . 2 . . Catastrophic . | . . . . . . Database Lockouts . | . . . . . . Manual . | . . . . . . Terminals 12 | . 1 . 9 2 . Fabricators . | . . . . . . Repair Stations . | . . . . . . Recycling Units . | . . . . . . Scanalyzers . | . . . . . . Garrison Access . | . . . . . . Terminal Hacks 10 | . 1 . 7 2 . Record 1 | . . . 1 . . Part Schematic 1 | . . . 1 . . Open Door 2 | . . . 2 . . Alert Level 1 | . 1 . . . . Locate Traps 2 | . . . 1 1 . Surveillance Status 1 | . . . . 1 . Transport Status 1 | . . . 1 . . Hauler Manifests 1 | . . . 1 . . Fabricator Hacks . | . . . . . . Repair Station Hacks . | . . . . . . Recycling Unit Hacks . | . . . . . . Scanalyzer . | . . . . . . Garrison Access Hacks . | . . . . . . Unauthorized Hacks . | . . . . . . Terminals . | . . . . . . Fabricators . | . . . . . . Repair Stations . | . . . . . . Recycling Units . | . . . . . . Scanalyzers . | . . . . . . Garrison Access . | . . . . . . Data Cores Recovered 1 | . . . 1 . . Used . | . . . . . . Hacking Detections 2 | . 1 . 1 . . Full Trace Events 1 | . . . 1 . . Feedback Events . | . . . . . . Feedback Blocked . | . . . . . . Robot Schematics Acquired . | . . . . . . Robots Built . | . . . . . . Authchips . | . . . . . . Time . | . . . . . . Total Robot Build Rating . | . . . . . . Part Schematics Acquired 1 | . . . 1 . . Parts Built . | . . . . . . Authchips . | . . . . . . Time . | . . . . . . Total Part Build Rating . | . . . . . . Parts Repaired . | . . . . . . Time . | . . . . . . Parts Recycled . | . . . . . . Recycled Matter . | . . . . . . Retrieved Matter . | . . . . . . Retrieved Components . | . . . . . . Parts Scanalyzed . | . . . . . . Part Schematics Acquired . | . . . . . . Parts Damaged . | . . . . . . Bothacking | -11 -10 -9 -9 -8 -7 ------------ Run | Yrd Mat Mat Sto Mat Fac Used RIF Installer . | . . . . . . Robots Hacked . | . . . . . . Non-combat . | . . . . . . Combat . | . . . . . . Robot Hacks Applied . | . . . . . . Relay Couplers Released . | . . . . . . Fabnet Peak Effective % . | . . . . . . Robots Rewired . | . . . . . . Allies Hacked . | . . . . . . Hacks Repelled . | . . . . . . Allies | -11 -10 -9 -9 -8 -7 -------- Run | Yrd Mat Mat Sto Mat Fac Total Allies 10 | . . . 10 . . Largest Group 10 | . . . 10 8 . Highest-Rated Group 88 | . . . 88 64 . Highest-Rated Ally 16 | . . . 16 8 . Total Orders . | . . . . . . Ally Attacks 75 | . . . 41 34 . Total Damage 715 | . . . 410 305 . Kills 12 | . . . 6 6 . Allies Corrupted . | . . . . . . Allies Melted . | . . . . . . Intel | -11 -10 -9 -9 -8 -7 ------- Run | Yrd Mat Mat Sto Mat Fac Robot Analysis Total . | . . . . . . Derelict Logs Recovered . | . . . . . . Drone Launches . | . . . . . . Drone Recoveries . | . . . . . . Exploration | -11 -10 -9 -9 -8 -7 ------------- Run | Yrd Mat Mat Sto Mat Fac Turns Passed 6662 | 75 390 391 1633 1491 2682 Spaces Moved 2553 | 47 236 174 733 531 832 Core 221 | 16 . . 15 59 131 Treads . | . . . . . . Legs 2332 | 31 236 174 718 472 701 Wheels . | . . . . . . Hover . | . . . . . . Flight . | . . . . . . Fastest Speed 50 | 50 120 190 190 190 125 Average Speed 226 | 115 142 190 202 235 280 Slowest Speed 650 | 250 190 190 600 600 650 Overloaded Moves . | . . . . . . Propulsion Burnouts . | . . . . . . Robots Hopped . | . . . . . . Cave-ins Triggered . | . . . . . . Exploration Rate (%) 38 | 4 41 18 92 48 27 Regions Visited 5 Branch Regions 1 Pre-discovered Areas . | . . . . . . Known Exits Taken 5 | 1 1 1 1 1 . Unknown Exits Taken . | . . . . . . Scrap Searched . | . . . . . . Spaces Dug . | . . . . . . Terrain Destroyed 235 | . . . 80 72 83 Melee . | . . . . . . Projectile 2 | . . . . . 2 AOE 233 | . . . 80 72 81 Terrain Rammed . | . . . . . . Walls Destroyed . | . . . . . . Machines Disabled . | . . . . . . Actions | -11 -10 -9 -9 -8 -7 --------- Run | Yrd Mat Mat Sto Mat Fac Total 3042 | 66 264 219 796 657 1040 Wait 78 | . . 23 . 3 52 Move 2548 | 46 235 173 732 530 832 Hop . | . . . . . . Pick Up 75 | 12 8 7 9 21 18 Fast Attach 1 | . . . . . 1 Attach 70 | 7 6 3 4 18 32 Detach 2 | . . . . 1 1 Swap 18 | . . 2 3 10 3 Drop 12 | . . 2 . 6 4 Fire 212 | 1 14 7 44 60 86 Melee . | . . . . . . Ram 4 | . . . . 2 2 Kick 17 | . 1 2 4 6 4 Crush . | . . . . . . Escape Stasis 5 | . . . . . 5 Rewire . | . . . . . . Trap . | . . . . . . Miscellaneous . | . . . . . . Route ------- -11/Scrapyard -10/Materials (discovered 2 exits: *Mat / *Min) -9/Materials -9/Storage -8/Materials -7/Factory History --------- Turn | Location | Event 20 | -11/Scrapyard | Identified exit to Materials 20 | -11/Scrapyard | Discovered exit to Materials (range 16) 76 | -11/Scrapyard | Entered Materials 76 | -10/Materials | Evolved 1 slot: Utility x1 273 | -10/Materials | Identified exit to Materials 273 | -10/Materials | Discovered exit to Materials (range 15) 320 | -10/Materials | Build established: Hacker-Mutant 399 | -10/Materials | Identified exit to Mines 399 | -10/Materials | Discovered exit to Mines (range 16) 466 | -10/Materials | Entered another Materials area 466 | -9/Materials | Evolved 2 slots: Utility x2 760 | -9/Materials | Identified exit to Storage 760 | -9/Materials | Discovered exit to Storage (range 13) 857 | -9/Materials | Entered Storage 2056 | -9/Storage | Assisted by bots powering up and referring to "LRC-V3" 2347 | -9/Storage | Build established: Commander-Mutant 2461 | -9/Storage | Identified exit to Materials 2461 | -9/Storage | Discovered exit to Materials (range 16) 2490 | -9/Storage | Entered Materials 2490 | -8/Materials | Accompanied by 8 allies 2490 | -8/Materials | Evolved 2 slots: Utility x2 2776 | -8/Materials | Lost 3 allies 2965 | -8/Materials | Garrison activated, responded to threat 3029 | -8/Materials | Build established: Hacker-Mutant 3054 | -8/Materials | Destroyed 7 combat bots 3218 | -8/Materials | Destroyed 7 combat bots 3361 | -8/Materials | Core integrity fell below 50% 3364 | -8/Materials | Lost 5 parts (1p1n3w) 3366 | -8/Materials | Garrison activated, responded to threat 3443 | -8/Materials | Lost 3 parts (1u2w) 3573 | -8/Materials | Garrison activated, responded to threat 3871 | -8/Materials | Garrison activated, responded to threat 3891 | -8/Materials | System corruption reached 10% 3916 | -8/Materials | Identified exit to Factory 3916 | -8/Materials | Discovered exit to Factory (range 16) 3981 | -8/Materials | Entered Factory 3981 | -7/Factory | Evolved 2 slots: Utility x2 5197 | -7/Factory | Lost 7 parts (1p3u3w) 5204 | -7/Factory | Core integrity fell below 50% 5489 | -7/Factory | Lost 3 parts (2n1w) 5958 | -7/Factory | Found Prototype Launcher 5959 | -7/Factory | Identified Rocket Array 5960 | -7/Factory | System corruption reached 10% 6600 | -7/Factory | Core integrity fell below 20% 6663 | -7/Factory | Destroyed by P-60 Hacker with Shock Rifle Last Messages --------------- 06583_ System corrupted: Substantial component data lost. 06599_ A-02 Transporter destroyed. 06602_ Lgt. Nuclear Core destroyed. 06603_ K-01 Serf collects debris. 06607_ 8T> #%62QCMKGIJEBX4DFAFS<4NO 06608_ K-01 Serf collects debris. 06625_ Greatsword destroyed. 06636_ Kicked Y-54 Guardian. 06638_ R-06 Scavenger collects Lgt. Treads. 06640_ Kicked Y-54 Guardian. 06641_ R-06 Scavenger collects Hardlight Generator. 06644_ R-06 Scavenger collects Med. Storage Unit. 06645_ System corrupted: Energy discharge (-16). 06647_ Lgt. Ion Engine destroyed. 06648_ R-06 Scavenger collects Hardlight Generator. 06658_ Y-54 Guardian misfires. Map ----- +----------------------------------------------------+ | ?????????????????????????????????????????????????? | | ?????????????????????????????????????????????????? | | ?????????????????????????????????????????????????? | | ?????????????????????????????????????????????????? | | ?????????????????????????????????????????????????? | | ?????????????????????????????????????????????????? | | ?????????????????????????????????????????????????? | | ???????????????????????! ?????????????????????? | | ?????????????????????? ????????????????????? | | ?????????????????????? #????????????????????? | | ?????????????????????? #????????????????????? | | ?????????????????????? #????????????????????? | | ??????????????????????# #????????????????????? | | ????????????????????### ###??????????????????? | | ????????????????????# #??????????????????? | | ????????????######### #??????????????????? | | ???????????? #??????????????????? | | ???????????? #??????????????????? | | ??????????? ! #??????????????????? | | ?????????????? #??????????????????? | | ????????????????? #??????????????????? | | ????????????????????# Y #??????????????????? | | ????????????????????# #??????????????????? | | ????????????????????## ##??????????????????? | | ?????????????????????#k #######?????????????? | | ?????????????????????# @ p #?????????????? | | ?????????????????????# ##### #?????????????? | | ?????????????????????# #???????????????????? | | ?????????????????????# #?????????? ????????? | | ?????????????????????# #?????????? ????????? | | ?????????????????????# %! #?????????? #???????? | | ?????????????????????# !* #?????????? #???????? | | ?????????????????????#### ####?????????# #???????? | | ????????????????????????# #????????????# #???????? | | ????????????????????????# #????????????# #???????? | | ????????????????????????# #????????????# #???????? | | ????????????????????????# #????????????# #???????? | | ????????????????????????# #????#######?# #???????? | | ????????????????????????# #????# ### ##??????? | | ????????????????????????#r###### #??????? | | ????????????????????????# #??????? | | ????????????????????????######## #??????? | | ???????????????????????????????# ## #??????? | | ???????????????????????????????###/#### ######## | | ????????????????###########??????? ?# | | ????????????????##% % T #???????? !# | | ????????????????# [ #????????? # | | ?????????????????#% """#?????????? ####### | | ?????????????????# = """#???????????#?????# | | ?????????????????# """#?????????????????# ""T | +----------------------------------------------------+ Best States ------------- Heat Dissipation 61 Coolant Potential 65 Energy Generation 14 Energy Capacity 800 Matter Stores 300 Matter Capacity 300 Sight Range 16 Robot Scan Range 14 Terrain Scan Range 14 Terrain Scan Density 210 Base Temperature (-) 100 Armor Coverage 150 Resistance: KI 35 Resistance: TH 35 Resistance: EX 35 Resistance: EM 50 Resistance: I 35 Resistance: S 35 Resistance: P 35 Utility Shielding 33 Weapon Shielding 33 Evasion (%) 55 Targeting Accuracy 11 Melee Accuracy 5 Target Analysis 5 Core Analysis 6 Offensive Hacking 20 Item Schematics ----------------- Lightning Gun | -9/Storage | Hacked Robot Schematics ------------------ None Fabricated ------------ Nothing Alien Tech Used ----------------- None Achievements -------------- None Challenges ------------ None Game ------ Seed ExperimentalGammaPod Manual? 0 Play Time 00:39:40 Cumulative 32.7 hours Start 2024.06.28 @ 12:08:06 End 2024.06.28 @ 13:20:01 Sessions 1 Manual Loads 0 Difficulty Explorer Special Mode None Game No. 80 Rogue 20 Adventurer 46 Explorer 14 Win Type - Total 0 Types 0/0/0/0/0/0/0/0/0 Lore% 10 Gallery% 34 Achievement% 24 Wizard Run 0 Options --------- Layout 1 ASCII 0 Keyboard 0 Movement Mouse Keybinds 0 Fullscreen 1 Font 24/Smallcaps Map View 50x35 Zoom Use 0% Tactical HUD 1 Map Filters NONE Filters NONE Steam 1 RUN: 18248544-a6d9-4cf2-a37e-54f884e5f571